 Dungeon Crawl Stone Soup version 0.32-a0-666-ge8a88695a4 (webtiles) character file.

Game seed: 2929365580317117337

31 Esekla the Sneak (level 3, 26/26 HPs)
             Began as an Octopode Delver on Mar 10, 2024.
             Quit the game on level 5 of the Dungeon.
             The game lasted 00:03:05 (128 turns).

Esekla the Sneak (Octopode Delver)                   Turns: 128, Time: 00:03:05

Health: 26/26      AC:  1    Str: 11    XL:     3   Next: 22%
Magic:  3/3        EV: 13    Int: 14    God:
Gold:   51         SH:  0    Dex: 13    Spells: 3/3 levels left

rFire   . . .        a - +0 falchion
rCold   . . .        (no shield)
rNeg    . . .        (helmet restricted)
rPois   .            (no amulet)
rElec   .            (no ring)
rCorr   .            (no ring)
SInv    .            (no ring)
Will    .....        (no ring)
Stlth   ++++         (no ring)
HPRegen 0.24/turn    (no ring)
MPRegen 0.08/turn    (no ring)
                     (no ring)

%: no passive effects
@: hasted, very quick
A: almost no armour, amphibious, 8 rings, camouflage 1, gelatinous body 1,
(nimble swimmer 1), tentacles
a: no special abilities


You were on level 5 of the Dungeon.
You visited 1 branch of the dungeon, and saw 1 of its levels.

You collected 51 gold pieces.

Inventory:

Hand Weapons
 a - a +0 falchion (weapon)
Wands
 f - a wand of digging (3)
Scrolls
 b - a scroll of fog
 c - a scroll of identify {unknown}


   Skills:
 * Level 3.2 Fighting
 + Level 2.0 Long Blades
 * Level 2.2 Dodging
 + Level 7.3 Stealth
 * Level 0.6 Spellcasting


You had 3 spell levels left.
You didn't know any spells.
Your spell library was empty.

Dungeon Overview and Level Annotations

Branches:
Dungeon (5/15)
 Temple: D:4-7

Altars:

Shops:
D:5 *

Annotations:
D:5 Dowan, Duvessa, Sigmund


Innate Abilities, Weirdness & Mutations

You cannot wear most types of armour.
You are amphibious.
You can wear up to eight rings at the same time.
Your skin changes colour to match your surroundings (Stealth+).
Your rubbery body absorbs attacks. (AC +1, EV +1)
((You are camouflaged when in or above water. (Stealth+)))
You have tentacles for arms and can constrict up to eight enemies at once.


Message History

You see here 11 gold pieces.
You now have 37 gold pieces (gained 11).
The orc hits you with a +0 trident.
The orc hits you from afar with a +0 trident.
As you read the scroll of fear, it crumbles to dust.
You assume a fearsome visage.
The orc looks frightened!
The kobold brigand looks frightened!
The kobold looks frightened!
The kobold shouts!
You hear a shout! x2; You hear an angry hiss.
You hear a shout!
You hear a shout! x2; You hear an angry hiss.
The kobold brigand gives up.
Found a short sword.
You see here a +0 ring mail. 2 orcs come into view.
An orc is wielding a +0 flail of draining.
The orc moves out of view.
An orc comes into view. It is wielding a +0 great sword.
An orc priest comes into view. It is wielding a +0 club.
Found 14 gold pieces.
You see here 14 gold pieces.
You now have 51 gold pieces (gained 14).
You hit the orc. You grab the orc. You squeeze the orc.
You kill the orc!
An ogre comes into view. It is wielding a +0 giant club.
Found Juygguc's Overcharged Wands.
The orc shouts!
Found a dagger.
Found a green potion.
You see here a +0 dagger.
You feel yourself speed up.
Found a scale mail.
The ogre attacks as it pursues you! The ogre closely misses you.
The orc closely misses you.
There is an entrance to Juygguc's Overcharged Wands here.
Found a stone staircase leading down.
A howler monkey comes into view.
Found a stone staircase leading up.
Autopickup is now off.
Autopickup is now on.
Are you sure you want to abandon this character and quit the game? (Confirm with "yes".)

*,,,*,,,* #####*##
**.
***,*,*****#......#
#. *,,,* *,,...##.#
##.
*,,**###,**#.##.#
####.. *,,,,,...*
#....# #.....
**,****#h###.#..#
#..#.# *,*
#.>...#..# ##.#...
*.#######.###..#
##.o..∩.
*.....<.@.#
#..###...#..!
*##########
#...#.[O..#.#
#.........o..
#...#...#####
#......## ########


There were no monsters in sight!

Vanquished Creatures
  A hound (D:5)
  An orc (D:5)
2 creatures vanquished.

Notes
Turn   | Place    | Note
-------+----------+-------------------------------------------
     0 | D:5      | Esekla the Octopode Delver began the quest for the Orb.
     0 | D:5      | Reached XP level 1. HP: 16/16 MP: 1/1
     0 | D:5      | Noticed Dowan
     1 | D:5      | Noticed Sigmund
    13 | D:5      | Noticed a hound
    21 | D:5      | Killed a hound
    22 | D:5      | Reached skill level 7 in Stealth
    22 | D:5      | Reached XP level 2. HP: 20/21 MP: 2/2
    22 | D:5      | Reached XP level 3. HP: 25/26 MP: 3/3
    39 | D:5      | Noticed Duvessa
    57 | D:5      | Noticed a kobold brigand
   100 | D:5      | Found Juygguc's Overcharged Wands.
   100 | D:5      | Noticed an ogre
   128 | D:5      | Quit the game

Illustrated notes

Levels and vault maps discovered:
D:5:      layout_loops_ring, nicolae_shop_overcharged_wands, uniq_duvessa,
          uniq_crazy_yiuf_cottage, uniq_sigmund

Skill      XL: |  1 |
---------------+----+-----
Stealth        | 7 |  7.3
Fighting       | |  3.2
Long Blades    | |  2.0
Dodging        | |  2.2
Spellcasting   | |  0.6

Action                     || total
---------------------------++-------
  Melee: Falchion          ||     4
         Constrict         ||     2
         Tentacles         ||     1
    Use: Scroll            ||     2
         Potion            ||     1
 Armour: Skin              ||     3
  Dodge: Dodged            ||     8

Table legend: (Time is in decaauts)
 A = Elapsed time spent in this place.
 B = Non-inter-level travel time spent in this place.
 C = Inter-level travel time spent in this place.
 D = Time resting spent in this place.
 E = Time spent auto-exploring this place.
 F = Levels seen in this place.
 G = Mean time per level.
                   A        B        C        D        E       F      G
               +--------+--------+--------+--------+--------+-----+--------+
         Total |    121 |    121 |      0 |      0 |      0 |   1 |  121.0 |
       Dungeon |    121 |    121 |      0 |      0 |      0 |   1 |  121.0 |
               +--------+--------+--------+--------+--------+-----+--------+

Top non-repeatable levels by time:
     D:5: 121 daAuts
